 Dungeon Crawl Stone Soup version 0.31-a0-1570-g93c622d222 (webtiles) character file.

Game seed: 759183457101451086

39 MackTheKnife the Shooter (level 3, -8/30 HPs)
             Began as a Minotaur Hunter on Jan 3, 2024.
             Mangled by a black bear (11 damage)
             ... on level 4 of the Dungeon.
             The game lasted 00:01:30 (938 turns).

MackTheKnife the Shooter (Minotaur Hunter)           Turns: 938, Time: 00:01:31

Health: -8/30      AC:  4    Str: 15    XL:     3   Next: 26%
Magic:  2/2        EV: 12    Int:  6    God:
Gold:   61         SH:  0    Dex: 15    Spells: 2/2 levels left

rFire   . . .        a - +0 shortbow {bow}
rCold   . . .        (shield currently unavailable)
rNeg    . . .        c - +0 leather armour
rPois   .            (helmet restricted)
rElec   .            d - +0 cloak
rCorr   .            (no gloves)
SInv    .            (no boots)
Will    .....        k - amulet of the acrobat
Stlth   +            (no ring)
HPRegen 0.25/turn    (no ring)
MPRegen 0.08/turn

%: acrobat
@: no status effects
A: horns 2, retaliatory headbutt
a: no special abilities


You were on level 4 of the Dungeon.
You visited 1 branch of the dungeon, and saw 4 of its levels.

You collected 61 gold pieces.


Innate Abilities, Weirdness & Mutations

You have a pair of horns on your head.
You reflexively headbutt those who attack you in melee.


   Skills:
 - Level 2.4 Fighting
 + Level 5.7 Ranged Weapons
 - Level 2.1 Dodging
 - Level 0.7 Stealth


You had 2 spell levels left.
You didn't know any spells.
Your spell library contained the following spells:

 Spells                   Type           Power      Damage    Failure   Level
 Apportation              Tloc           0%         N/A       52%         1
 Necrotise                Necr           0%         1d4       52%         1
 Sting                    Conj/Alch      0%         1d3       52%         1
 Summon Small Mammal      Summ           0%         N/A       52%         1

Inventory:

Hand Weapons
 a - a +0 shortbow (weapon) {bow}
Missiles
 j - 2 poisoned darts {throwing}
Armour
 c - a +0 leather armour (worn)
 d - a +0 cloak (worn)
   (You found it on level 1 of the Dungeon)
Jewellery
 k - an amulet of the acrobat (around neck)
   (You found it on level 2 of the Dungeon)
Scrolls
 b - a scroll of butterflies
 e - a scroll of enchant armour {unknown}
 f - a scroll of revelation {unknown}
 g - a scroll of teleportation {unknown}
 i - a scroll of identify {unknown}
 n - a scroll of poison {unknown}
Potions
 h - a potion of curing {unknown}
 l - a potion of attraction {unknown}
 m - a potion of enlightenment {unknown}

Dungeon Overview and Level Annotations

Branches:
Dungeon (4/15) Zot: 23043
 Temple: D:4-7

Altars:

.....
##.....###.#
......#
##...###..#.#
......###....#
###.##
#....##..#..# #.#
#.....###.## ####
##...## #..###.#
#....###...##.#
#h##...##....##
##@####.......##
#..# #...##...#
##.## #...###..#
.####...####..##
#..#
.........##...#
#..#
#.....#...#...#
#..#
#..###..#......#
...# #.
##..#...........#
.
##..#.........##


You could see a black bear (berserk).


Message History

The kobold barely misses you. 😕 HP[+1]
You shoot an arrow. The arrow hits the kobold!
You kill the kobold!
No target in view!
No target in view!
m - a dark potion 😎 HP[+2]
Your hp is fully restored (30).
Key pressed, stopping explore.
n - a scroll labelled JOOREULACW Key pressed, stopping explore.
You now have 61 gold pieces (gained 6).
A kobold comes into view. It is wielding a +0 club.
A kobold is nearby!
You shoot an arrow. The arrow hits the kobold.
You kill the kobold!
No target in view!
No target in view!
A black bear comes into view.
The black bear growls angrily.
You shoot an arrow. The arrow barely misses the black bear.
You shoot an arrow. The arrow barely misses the black bear.
You shoot an arrow. The arrow hits the black bear.
You shoot an arrow. The arrow barely misses the black bear.
You shoot an arrow.
The arrow closely misses the black bear.
The black bear closely misses you. The black bear claws you. x2 😕 HP[-5]
You take 5 damage, and now have 25/30 hp.
You shoot an arrow. The arrow hits the black bear!
The black bear closely misses you. You furiously retaliate!
You headbutt the black bear.
The black bear claws you but does no damage.
The black bear closely misses you.
The black bear goes berserk! 😕 HP[+1] Fire: a) +0 shortbow {bow}
Press: ? - help, Shift-Dir - straight line, f/p - black bear
Aim: a black bear (severely wounded, berserk, 69% to hit)
You shoot an arrow.
The arrow hits the black bear but does no damage.
The black bear bites you.
The black bear claws you but does no damage.
The black bear misses you. 😕 HP[-2]
You take 2 damage, and now have 24/30 hp.
Fire: a) +0 shortbow {bow}
Press: ? - help, Shift-Dir - straight line, f/p - black bear
Aim: a black bear (severely wounded, berserk, 69% to hit)
You shoot an arrow. The arrow hits the black bear.
The black bear bites you. The black bear claws you.
The black bear claws you but does no damage.
The black bear barely misses you. The black bear closely misses you.
The black bear claws you but does no damage. 😮 HP[-5]
You take 5 damage, and now have 19/30 hp.
Fire: a) +0 shortbow {bow}
Press: ? - help, Shift-Dir - straight line, f/p - black bear
Aim: a black bear (almost dead, berserk, 69% to hit)
You shoot an arrow. The arrow hits the black bear.
The black bear bites you but does no damage.
The black bear claws you but does no damage.
The black bear claws you. The black bear barely misses you.
The black bear claws you.
The black bear barely misses you. 😮 HP[-3]
You take 3 damage, and now have 16/30 hp.
Fire: a) +0 shortbow {bow}
Press: ? - help, Shift-Dir - straight line, f/p - black bear
Aim: a black bear (almost dead, berserk, 69% to hit)
You shoot an arrow.
The arrow closely misses the black bear.
The black bear bites you but does no damage.
The black bear barely misses you.
The black bear claws you but does no damage.
Fire: a) +0 shortbow {bow}
Press: ? - help, Shift-Dir - straight line, f/p - black bear
Aim: a black bear (almost dead, berserk, 69% to hit)
You shoot an arrow. The arrow barely misses the black bear.
The black bear closely misses you. The black bear claws you.
* * * LOW HITPOINT WARNING * * *
The black bear claws you but does no damage.
The black bear completely misses you. You furiously retaliate!
You headbutt the black bear.
The black bear claws you but does no damage.
The black bear claws you.
* * * LOW HITPOINT WARNING * * *
😱 HP[-9]
You take 9 damage, and now have 7/30 hp.
MASSIVE DAMAGE!! (PAUSE) Fire: a) +0 shortbow {bow}
Press: ? - help, Shift-Dir - straight line, f/p - black bear
Aim: a black bear (almost dead, berserk, 69% to hit)
You shoot an arrow. The arrow hits the black bear.
The black bear bites you.
* * * LOW HITPOINT WARNING * * *
The black bear claws you.
* * * LOW HITPOINT WARNING * * *
The black bear claws you but does no damage.
The black bear bites you!
You die...

Skill      XL: |  1  2 |
---------------+-------+-----
Ranged Weapons | 5 |  5.7
Fighting       | |  2.4
Dodging        | |  2.1
Stealth        | |  0.7

Action                     || total
---------------------------++-------
   Fire: Shortbow          ||    97
 Armour: Leather armour    ||    55
  Dodge: Dodged            ||    43

Levels and vault maps discovered:
D:1:      beargit_arrival_diablo_church, layout_basic, grunt_decor_fettered
D:2:      layout_rooms, hangedman_decor_growths
D:3:      minmay_razor_zed, layout_basic
D:4:      layout_layer_cave, uniq_crazy_yiuf_cottage

Notes
Turn   | Place    | Note
-------+----------+-------------------------------------------
     0 | D:1      | MackTheKnife the Minotaur Hunter began the quest for the
                  | Orb.
     0 | D:1      | Reached XP level 1. HP: 18/18 MP: 0/0
     0 | D:1      | magus.rc [v1.9.6]
   177 | D:1      | You pick up a book of Cantrips and begin reading...
   177 | D:1      | You add the spells Sting, Necrotise, Summon Small Mammal
                  | and Apportation to your library.
   247 | D:1      | Reached XP level 2. HP: 25/25 MP: 1/1
   272 | D:1      | Reached skill level 5 in Ranged Weapons
   608 | D:2      | Reached XP level 3. HP: 16/30 MP: 2/2
   926 | D:4      | Noticed a black bear
   937 | D:4      | HP: 7/30 [black bear (6)]
   938 | D:4      | HP: 3/30 [black bear (2)]
   938 | D:4      | Mangled by a black bear

Vanquished Creatures
  An adder (D:2)
  4 ball pythons
  4 endoplasms
  A goblin (D:1)
  2 hobgoblins (D:1)
  2 jackals (D:1)
  2 quokkas (D:1)
  2 bats
  3 frilled lizards (D:1)
  5 kobolds
  2 rats (D:1)
28 creatures vanquished.

Table legend:
 A = Non-vault XP
 B = Vault XP
 C = Vault XP percentage of total XP
 D = Non-vault monster count
 E = Vault monster count
 F = Vault count percentage of total count
                 A         B        C        D         E       F
            +---------+---------+-------+---------+---------+-------
      Total |      56 |       0 |   0.0 |      28 |       0 |   0.0
            +---------+---------+-------+---------+---------+-------
        D:1 |      29 |       0 |   0.0 |      19 |       0 |   0.0
        D:2 |      19 |       0 |   0.0 |       4 |       0 |   0.0
        D:3 |       4 |       0 |   0.0 |       3 |       0 |   0.0
        D:4 |       4 |       0 |   0.0 |       2 |       0 |   0.0
            +---------+---------+-------+---------+---------+-------

Skill      XL: |  1  2 |
---------------+-------+-----
Ranged Weapons | 5 |  5.7
Fighting       | |  2.4
Dodging        | |  2.1
Stealth        | |  0.7

Action                     || total
---------------------------++-------
   Fire: Shortbow          ||    97
 Armour: Leather armour    ||    55
  Dodge: Dodged            ||    43

Illustrated notes

Table legend:
 A = Kills in this place as a percentage of kills in the entire game.
 B = Kills by you in this place as a percentage of kills by you in the entire game.
 C = Kills by friends in this place as a percentage of kills by friends in the entire game.
 D = Other kills in this place as a percentage of other kills in the entire game.
 E = Experience gained in this place as a percentage of experience gained in the entire game.
 F = Experience gained in this place divided by the number of levels of this place that you have seen.
                   A       B       C       D       E      F
               +-------+-------+-------+-------+-------+----------------------
         Total | 100.0 | 100.0 |   N/A |   N/A | 100.0 |  14.0
       Dungeon | 100.0 | 100.0 |   N/A |   N/A | 100.0 |  14.0
               +-------+-------+-------+-------+-------+----------------------

Table legend: (Time is in decaauts)
 A = Elapsed time spent in this place.
 B = Non-inter-level travel time spent in this place.
 C = Inter-level travel time spent in this place.
 D = Time resting spent in this place.
 E = Time spent auto-exploring this place.
 F = Levels seen in this place.
 G = Mean time per level.
                   A        B        C        D        E       F      G
               +--------+--------+--------+--------+--------+-----+--------+
         Total |    954 |    926 |     28 |      0 |    651 |   4 |  238.5 |
       Dungeon |    954 |    926 |     28 |      0 |    651 |   4 |  238.5 |
               +--------+--------+--------+--------+--------+-----+--------+

Top non-repeatable levels by time:
     D:1: 573 daAuts
     D:4: 174 daAuts
     D:2: 143 daAuts
     D:3: 64 daAuts
